 Dungeon Crawl Stone Soup version 0.28.0-1-gb440e238dd (webtiles) character file.

Game seed: 15413543388383327386

23083 smarlow the Destroyer (level 12, -13/59 HPs)
             Began as a Deep Elf Conjurer on Feb 23, 2022.
             Was an Elder of Vehumet.
             Killed from afar by an ice dragon (22 damage)
             ... with a blast of cold
             ... on level 12 of the Dungeon.
             The game lasted 01:03:48 (19394 turns).

smarlow the Destroyer (Deep Elf Conjurer)          Turns: 19394, Time: 01:03:48

Health: -13/59     AC: 15    Str:  4    XL:     12   Next: 68%
Magic:  8/30       EV: 15    Int: 29    God:    Vehumet [****..]
Gold:   506        SH: 11    Dex: 21    Spells: 13/36 levels left

rFire   . . .      SeeInvis .   m - staff of conjuration
rCold   + . .      Faith    .   A - +0 kite shield
rNeg    . . .      Spirit   .   B - +2 leather armour {rC+}
rPois   .          Reflect  .   g - +1 helmet
rElec   .          Harm     .   (no cloak)
rCorr   .          Rampage  .   (no gloves)
Will    ++...                   k - +2 pair of boots
Stlth   ++........              (no amulet)
HPRegen 0.19/turn               b - +6 ring of dexterity
MPRegen 0.22/turn               c - +4 ring of protection

@: no status effects
A: agile 1, strong-willed 1
a: Renounce Religion


You were on level 12 of the Dungeon.
You worshipped Vehumet.
Vehumet was greatly pleased with you.
You visited 2 branches of the dungeon, and saw 14 of its levels.
You also visited: Ossuary.

You collected 610 gold pieces.
You spent 104 gold pieces at shops.

Inventory:

Missiles
 D - 2 throwing nets
Armour
 a - a +0 robe
 f - a +1 robe of the Archmagi
 g - a +1 helmet (worn)
 i - an orb of guile
 k - a +2 pair of boots (worn)
 A - a +0 kite shield (worn)
 B - a +2 leather armour of cold resistance (worn)
Magical Staves
 m - a staff of conjuration (weapon)
Jewellery
 b - a +6 ring of dexterity (left hand)
 c - a +4 ring of protection (right hand)
 j - a ring of flight
 o - a +6 ring of strength
Wands
 h - a wand of acid (11)
 l - a wand of digging (6)
 u - a wand of polymorph (9)
 v - a wand of charming (5)
 z - a wand of paralysis (1)
Scrolls
 e - a scroll of amnesia
 t - a scroll of silence
 w - a scroll of magic mapping
 y - a scroll of torment
 C - a scroll of enchant weapon
 F - a scroll of fog
 H - a scroll of immolation
Potions
 d - 3 potions of haste
 p - 2 potions of lignification
 r - 2 potions of curing
 s - a potion of magic {unknown}
 x - a potion of resistance {unknown}
 E - 2 potions of flight


   Skills:
 - Level 5.0 Armour
 - Level 8.3 Dodging
 - Level 2.8 Stealth
 - Level 5.4 Shields
 + Level 12.9 Spellcasting
 * Level 14.7 Conjurations
 - Level 6.2 Translocations
 - Level 7.0 Fire Magic


You had 13 spell levels left.
You knew the following spells:

 Your Spells              Type           Power      Damage    Failure   Level
a - Magic Dart            Conj           100%       1d8       1%          1
b - Searing Ray           Conj           100%       2d8       1%          2
c - Iskenderun's Mystic   Conj/Tloc      88%        2d17      1%          4
d - Fulminant Prism       Conj/Hex       37%        3d18      1%          4
e - Foxfire               Conj/Fire      100%       2x1d9     1%          1
f - Lee's Rapid Deconstr  Erth           9%         3d8*      63%         5
g - Starburst             Conj/Fire      44%        6d12      6%          6

Your spell library contained the following spells:

 Spells                   Type           Power      Damage    Failure   Level
 Dazzling Flash           Conj/Hex       100%       N/A       1%          3
 Stone Arrow              Conj/Erth      100%       3d13      1%          3
 Animate Armour           Summ/Erth      36%        N/A       78%         4
 Lehudib's Crystal Spear  Conj/Erth      37%        10d9      100%        8


Dungeon Overview and Level Annotations

Branches:
Dungeon (13/15)            Temple (1/1) D:5            Lair (0/6) D:11
    Orc (0/2) D:10        Ossuary (visited)
 Vaults: D:13-14

Altars:
Ashenzari
Cheibriados
Dithmenos
Elyvilon
Fedhas
Gozag
Hepliaklqana
Kikubaaqudgha
Makhleb
Nemelex Xobeh
Okawaru
Qazlal
Ru
Sif Muna
Trog
Uskayaw
Vehumet
Wu Jian
Xom
Yredelemnul
Zin
The Shining One

Shops:
D:5 (   D:6 !

Annotations:
D:9 1 runed translucent door


Innate Abilities, Weirdness & Mutations

You are agile. (Dex +2)
You are strong-willed. (Will+)


Message History

You feel a surge of power!
You erupt in a blast of force!
The mystic blast hits the centaur warrior simulacrum!!
The centaur warrior simulacrum is severely damaged.
The centaur warrior simulacrum is knocked back by the mystic blast.
The mystic blast hits the ice dragon!
The ice dragon is moderately wounded.
The ice dragon is knocked back by the mystic blast.
Casting: Iskenderun's Mystic Blast (dangerous; 1% risk of failure)
Confirm with . or Enter, or press ? or * to list all spells.
You feel a surge of power!
You erupt in a blast of force!
The mystic blast hits the ice dragon!
The ice dragon is moderately wounded.
The ice dragon is knocked back by the mystic blast.
Casting: Iskenderun's Mystic Blast (dangerous; 1% risk of failure)
Confirm with . or Enter, or press ? or * to list all spells.
You feel a surge of power!
You erupt in a blast of force!
The mystic blast hits the ice dragon!
The ice dragon is heavily wounded.
The ice dragon is knocked back by the mystic blast.
The ice dragon breathes frost at you. The blast of cold hits you! You resist.
* * * LOW HITPOINT WARNING * * *
You feel better.
Casting: Iskenderun's Mystic Blast (dangerous; 1% risk of failure)
Confirm with . or Enter, or press ? or * to list all spells.
You feel a surge of power!
You erupt in a blast of force!
The mystic blast hits the ice dragon!
The ice dragon is severely wounded.
The ice dragon is knocked back by the mystic blast.
The mystic blast hits the centaur warrior simulacrum!!
The centaur warrior simulacrum vaporises!
Vehumet accepts your kill.
You feel your power returning. The ice dragon breathes frost at you.
The blast of cold hits you!! You resist.
* * * LOW HITPOINT WARNING * * *
There is an open door here.
The ice dragon breathes frost at you. The blast of cold hits you!! You resist.
You die...

#)[###...#........# #..........
####....##........# #..^.......
........#.........# #........).
k......##.........# #..........
......##).........# #..........
#'''###...........######.....##..
.Z......###......##..#..#######..
.#...#### #......#............#..
.#...# #.....@'...D........#..
.#..(# #......#............#..
.#...######......#..###########..
.#...##>.#......#######......##..
.#...Z...#......# #.....(.....
.#.......'......# #...........
.#.......#......# #.......##..
)#.......#......# #.......##..
.#.......#......# #.......'...


You could see an ice dragon (catching breath).

Vanquished Creatures
  The ghost of Woods the Severer, a journeyman MiFi of Yredelemnul (D:12)
  A two-headed ogre (D:12)
  A deep elf pyromancer (D:12)
  4 ugly things
  3 cyclopes
  A manticore (D:12)
  2 rime drakes (D:12)
  3 freezing wraiths (D:11)
  2 ice devils (D:12)
  4 trolls
  22 slime creatures (D:12)
  4 centaur simulacra (D:12)
  A shadow (D:9)
  3 wraiths
  12 yaks
  A wyvern (D:9)
  2 steam dragons
  14 vampire mosquitoes
  2 acid dragons
  A water moccasin (D:9)
  4 orc warriors
  An ice beast (D:7)
  A hornet zombie (Ossuary)
  A sky beast (D:6)
  3 black bears
  An ogre (D:6)
  6 centaurs
  A phantom (D:10)
  2 kobold brigands
  5 bullfrogs
  11 scorpions
  2 wyvern zombies
  A gnoll sergeant (D:10)
  A water moccasin zombie (D:5)
  2 water moccasin skeletons (D:5)
  2 troll zombies (D:10)
  11 killer bees
  8 wights
  A howler monkey (D:11)
  5 centaur zombies
  4 bullfrog zombies (Ossuary)
  A jelly (D:8)
  8 orc priests
  2 hounds
  A bullfrog skeleton (D:3)
  12 mummies (Ossuary)
  4 iguanas
  19 orc wizards
  A killer bee zombie (Ossuary)
  6 ogre zombies (D:10)
  3 howler monkey zombies (Ossuary)
  5 gnolls (D:10)
  3 adders
  2 howler monkey skeletons
  A shadow imp (D:7)
  2 ufetubi
  3 worms
  2 dart slugs
  41 orcs
  7 endoplasms
  13 giant cockroaches
  8 goblins
  4 hobgoblins
  6 jackals
  15 kobolds
  4 quokkas
  14 ball pythons
  3 bats
  2 goblin skeletons (D:10)
  3 goblin zombies (D:10)
  A hobgoblin skeleton (D:10)
  3 hobgoblin zombies (D:10)
  An orc skeleton (D:10)
  15 orc zombies (D:10)
  6 rats
  3 butterflies (D:9)
381 creatures vanquished.

Vanquished Creatures (others)
  19 foxfires
  3 fulminant prisms (D:12)
  22 fungi (D:11)
  20 plants (D:11)
  11 withered plants (Ossuary)
75 creatures vanquished.

Grand Total: 456 creatures vanquished

Notes
Turn   | Place    | Note
-------+----------+-------------------------------------------
     0 | D:1      | smarlow the Deep Elf Conjurer began the quest for the Orb.
     0 | D:1      | Reached XP level 1. HP: 10/10 MP: 6/6
   149 | D:1      | Found a faded altar of an unknown god.
   162 | D:1      | Reached XP level 2. HP: 15/15 MP: 6/8
   167 | D:1      | Learned a level 2 spell: Searing Ray
   758 | D:1      | Reached XP level 3. HP: 19/19 MP: 7/10
  1257 | D:2      | Reached skill level 5 in Conjurations
  1800 | D:3      | Reached XP level 4. HP: 24/24 MP: 7/12
  1806 | D:3      | Learned a level 4 spell: Iskenderun's Mystic Blast
  1951 | D:3      | Noticed a scorpion
  1956 | D:3      | Killed a scorpion
  1957 | D:3      | Reached skill level 5 in Spellcasting
  1957 | D:3      | Reached XP level 5. HP: 27/28 MP: 6/14
  1962 | D:3      | Learned a level 4 spell: Fulminant Prism
  3018 | D:4      | Reached skill level 6 in Conjurations
  3202 | D:4      | Reached XP level 6. HP: 32/32 MP: 10/16
  3528 | D:4      | Found a sparkling altar of Nemelex Xobeh.
  3581 | D:4      | Reached skill level 1 in Armour
  4028 | D:5      | Entered Level 5 of the Dungeon
  4028 | D:5      | Found Gucaedd's Antique Weapon Boutique.
  4054 | D:5      | Found a staircase to the Ecumenical Temple.
  4252 | D:5      | Reached XP level 7. HP: 36/36 MP: 10/18
  4840 | D:5      | Reached skill level 7 in Conjurations
  5026 | D:5      | Reached skill level 5 in Dodging
  5213 | D:6      | Found a sand-covered staircase.
  5220 | Ossuary  | Entered an ossuary
  5433 | Ossuary  | Reached XP level 8. HP: 41/41 MP: 12/20
  5659 | Ossuary  | Reached skill level 8 in Conjurations
  6442 | D:6      | Found Omymuc's Distillery.
  6451 | D:6      | Bought a potion of curing for 39 gold pieces
  6565 | D:6      | Identified the +3 long sword "Bucs" {holy, rCorr SInv}
  6670 | D:5      | Reached skill level 9 in Conjurations
  6751 | Temple   | Entered the Ecumenical Temple
  6875 | Temple   | Became a worshipper of Vehumet
  6968 | D:6      | Reached XP level 9. HP: 45/45 MP: 2/23
  7791 | D:7      | Found a blossoming altar of Fedhas.
  8142 | D:7      | Reached skill level 10 in Conjurations
  8404 | D:7      | Reached * piety under Vehumet
  8404 | D:7      | Offered knowledge of Foxfire by Vehumet.
  8407 | D:7      | Learned a level 1 spell: Foxfire
  8611 | D:8      | Reached skill level 1 in Shields
  9108 | D:8      | Reached skill level 1 in Fire Magic
  9840 | D:6      | Bought a potion of lignification for 39 gold pieces
  9840 | D:6      | Bought 2 potions of degeneration for 26 gold pieces
  9842 | D:6      | Gained mutation: Your spells are a little easier to cast,
                  | but a little less powerful. [potion of mutation]
  9842 | D:6      | Gained mutation: You are partially covered in iridescent
                  | scales. (AC +2) [potion of mutation]
  9843 | D:6      | Lost mutation: You are partially covered in iridescent
                  | scales. (AC +2) [potion of mutation]
  9843 | D:6      | Lost mutation: Your spells are a little easier to cast, but
                  | a little less powerful. [potion of mutation]
  9843 | D:6      | Gained mutation: You have a somewhat thin skeletal
                  | structure. (Dex +2, Stealth+) [potion of mutation]
  9843 | D:6      | Gained mutation: You are somewhat resistant to further
                  | mutation. [potion of mutation]
 10198 | D:9      | Reached XP level 10. HP: 49/50 MP: 1/25
 11058 | D:8      | Lost mutation: You are somewhat resistant to further
                  | mutation. [potion of mutation]
 11058 | D:8      | Lost mutation: You have a somewhat thin skeletal structure.
                  | (Dex +2, Stealth+) [potion of mutation]
 11058 | D:8      | Gained mutation: You are agile. (Dex +2) [potion of
                  | mutation]
 11058 | D:8      | Gained mutation: You are strong-willed. (Will+) [potion of
                  | mutation]
 11208 | D:9      | Found a runed translucent door.
 11210 | D:9      | Found a runed translucent door.
 11240 | D:9      | Reached skill level 11 in Conjurations
 11770 | D:9      | Reached skill level 5 in Armour
 11842 | D:9      | Found a shadowy altar of Dithmenos.
 12215 | D:9      | Found an opulent altar of Gozag.
 12336 | D:9      | Reached skill level 10 in Spellcasting
 12672 | D:10     | Entered Level 10 of the Dungeon
 12678 | D:10     | Reached ** piety under Vehumet
 12679 | D:10     | Offered knowledge of Static Discharge by Vehumet.
 13015 | D:10     | Reached skill level 1 in Translocations
 13538 | D:10     | Found a staircase to the Orcish Mines.
 13551 | D:10     | Offered knowledge of Ignite Poison by Vehumet.
 13736 | D:10     | Reached *** piety under Vehumet
 14639 | D:10     | Noticed a cyclops
 14894 | D:10     | Killed a cyclops
 15072 | D:11     | Noticed a death knight
 15079 | D:11     | Noticed a red ugly thing
 15083 | D:10     | Reached XP level 11. HP: 45/54 MP: 2/27
 15284 | D:11     | Reached skill level 12 in Conjurations
 15287 | D:11     | Offered knowledge of Inner Flame by Vehumet.
 16147 | D:11     | Reached skill level 5 in Fire Magic
 16592 | D:11     | Killed a red ugly thing
 16756 | D:11     | Found a staircase to the Lair.
 16762 | D:11     | Noticed an eight-headed hydra
 16872 | D:12     | Reached **** piety under Vehumet
 16882 | D:12     | Reached skill level 13 in Conjurations
 16884 | D:12     | Offered knowledge of Lee's Rapid Deconstruction by Vehumet.
 16889 | D:12     | Reached skill level 5 in Translocations
 17012 | D:12     | Noticed a white ugly thing
 17021 | D:12     | Noticed a two-headed ogre
 17026 | D:12     | Killed a white ugly thing
 17026 | D:12     | Killed a two-headed ogre
 17027 | D:12     | Reached XP level 12. HP: 43/59 MP: 6/29
 17036 | D:12     | Learned a level 5 spell: Lee's Rapid Deconstruction
 17043 | D:12     | Learned a level 6 spell: Starburst
 17239 | D:12     | Found a runed translucent gate.
 17239 | D:12     | Found a runed translucent gate.
 17239 | D:12     | Found a runed translucent gate.
 17271 | D:12     | Reached skill level 5 in Shields
 18243 | D:12     | Noticed Woods's ghost (journeyman MiFi)
 18244 | D:12     | Noticed an ice dragon
 18266 | D:12     | Reached skill level 14 in Conjurations
 18622 | D:13     | Noticed a centaur warrior
 18748 | D:12     | HP: 1/59 [centaur warrior simulacrum (23)]
 19089 | D:12     | Identified a scroll of acquirement
 19089 | D:12     | Acquired a staff of conjuration
 19100 | D:12     | Killed Woods's ghost
 19394 | D:12     | Killed from afar by an ice dragon

Illustrated notes

Levels and vault maps discovered:
D:1:      dpeg_arrival_boxes_within_box, layout_basic, basic_ecumenical_altar
D:2:      layout_basic
D:3:      layout_basic, minmay_splitting_lines
D:4:      layout_gridville, nemelex_dance_club_becter
D:5:      layout_rooms, minmay_temple_entry_drinking_statues, serial_shops, shop
D:6:      layout_cave_pools, nicolae_ossuary_entry_plus, serial_shops,
          nicolae_shop_stone
D:7:      layout_rooms, fedhas_altar_3
D:8:      layout_loops_corners
D:9:      lemuel_insect_pit, layout_layer_cave, mainiacjoe_overflow_alcove_4,
          nicolae_dithmenos_the_darkroom
D:10:     layout_basic, zombieorc2_lemuel, kennysheep_cluttered_room
D:11:     layout_loops_ring, grunt_lair_entry_orc_guard_hut, chequers_avenue,
          vehumet_statue
D:12:     layout_gridville, gammafunk_ghost_icy
D:13:     layout_layer_cave, serial_shops, nicolae_shop_statue_plus,
          hangedman_decor_riveting, uniq_jorgrun
Temple:   compressed_dpeg_circular_temple

Skill      XL: |  1  2  3  4  5  6  7  8  9 10 11 12 |
---------------+-------------------------------------+-----
Dodging        | 3 4 5 6 7 8 |  8.3
Spellcasting   | 4 5 6 7 8 9 10 11 12 | 12.9
Conjurations   | 5 6 7 9 10 11 13 14 | 14.7
Armour         | 1 2 3 4 5 |  5.0
Shields        | 1 3 4 5 |  5.4
Fire Magic     | 2 4 6 7 |  7.0
Translocations | 2 5 6 |  6.2
Stealth        | |  2.8

Action                   |  1- 3 |  4- 6 |  7- 9 | 10-12 || total
-------------------------+-------+-------+-------+-------++-------
Melee: Unarmed           |       |       |     2 |       ||     2
 Cast: Magic Dart        |    81 |    99 |   231 |   196 ||   607
       Searing Ray       |     2 |    11 |    54 |    76 ||   143
       Iskenderun's Myst |       |       |    34 |   162 ||   196
       Foxfire           |       |       |     8 |     3 ||    11
       Fulminant Prism   |       |       |       |     3 ||     3
  Use: Scroll            |     1 |     3 |     9 |    11 ||    24
       Potion            |       |       |     3 |    11 ||    14
Armor: Robe              |     1 |     6 |    46 |    12 ||    65
       Leather armour    |       |       |    12 |    28 ||    40
       Skin              |       |       |       |     1 ||     1
Dodge: Dodged            |     3 |     8 |    84 |    95 ||   190
Block: Kite shield       |       |       |       |    58 ||    58
